 Dungeon Crawl Stone Soup version 0.19.0-22-gd96e5fe (webtiles) character file.

8875 Monsterracer the Severer (level 11, -9/100 HPs)
             Began as a Hill Orc Fighter on Nov 18, 2016.
             Was a Follower of Uskayaw.
             Shot with a bolt by a yaktaur captain (13 damage)
             ... on level 9 of the Dungeon.
             The game lasted 00:28:54 (9691 turns).

Monsterracer the Severer (Hill Orc Fighter)         Turns: 9691, Time: 00:28:55

Health: -9/100     AC: 22    Str: 23      XL:     11   Next: 37%
Magic:  13/13      EV:  2    Int: 10      God:    Uskayaw [*.....]
Gold:   647        SH:  0    Dex: 12 (13) Spells: 3 memorised, 2 levels left

rFire  . . .     SeeInvis .     a - +1 war axe
rCold  . . .     Gourm    .     l - +7 ring mail of the Six Stars {Str+3 Stlth+}
rNeg   + + +     Faith    +     c - +0 shield
rPois  ∞         Spirit   .     G - +2 helmet
rElec  .         Reflect  .     m - +2 cloak {rPois}
rCorr  .         Harm     .     y - +0 pair of gloves
MR     .....                    (no boots)
Stlth  ++........               z - amulet of faith
                                j - ring of wizardry
                                o - ring of positive energy

@: petrified, flayed, slowed
A: clever 1, deterioration 1, low mp 1
a: Stomp, Renounce Religion


You were on level 9 of the Dungeon.
You worshipped Uskayaw.
Uskayaw was noncommittal.
You were not hungry.

You visited 2 branches of the dungeon, and saw 11 of its levels.

You collected 671 gold pieces.
You spent 24 gold pieces at shops.

Inventory:

Hand Weapons
 a - a +1 war axe (weapon)
Armour
 c - a +0 shield (worn)
 l - the +7 ring mail of the Six Stars (worn) {Str+3 Stlth+}
   (You found it on level 6 of the Dungeon)

   It affects your strength (+3).
   It makes you more stealthy.
 m - a +2 cloak of poison resistance (worn)
 y - a +0 pair of gloves (worn)
 G - a +2 helmet (worn)
Jewellery
 e - an uncursed ring of teleportation
 j - a ring of wizardry (right hand)
 o - a ring of positive energy (left hand)
 u - an uncursed ring of poison resistance
 z - an amulet of faith (around neck)
Wands
 C - a wand of hasting (7/9)
Scrolls
 b - 2 scrolls of recharging
 d - 7 scrolls of teleportation
 h - 4 scrolls of amnesia
 n - 2 scrolls of remove curse
 p - 3 scrolls of enchant armour
 q - a scroll of fog
 t - 3 scrolls of identify
 B - a scroll of holy word
Potions
 i - a potion of agility
 w - 2 potions of curing
 x - 2 potions of brilliance
 A - a potion of magic
 D - a potion of haste
 E - 2 potions of flight
 H - a potion of heal wounds
Comestibles
 f - 7 bread rations
 g - 6 fruits
 k - 5 beef jerkies
 r - a royal jelly
 s - 2 meat rations
 v - 8 slices of pizza


   Skills:
 * Level 10.2 Fighting
 - Level 16.0 Axes
 + Level 8.9 Armour
 - Level 3.2 Shields
 + Level 4.6 Invocations


You had 2 spell levels left.
You knew the following spells:

 Your Spells              Type           Power        Failure   Level  Hunger
a - Repel Missiles        Chrm/Air       #.....       97%         2    ###....
b - Silence               Hex/Air        #.........   100%        5    ######.
c - Apportation           Tloc           #.........   91%         1    ##.....


Dungeon Overview and Level Annotations

Branches:
Dungeon (10/15)            Temple (1/1) D:6
   Lair: D:8-11         Orc: D:9-12

Altars:
Ashenzari
Cheibriados
Dithmenos
Elyvilon
Fedhas
Gozag
Hepliaklqana
Kikubaaqudgha
Makhleb
Nemelex Xobeh
Okawaru
Qazlal
Ru
Sif Muna
Trog
Uskayaw
Vehumet
Xom
Yredelemnul
Zin
The Shining One

Shops:
D:4 *   D:9 =

Annotations:
D:10 Sonja


Innate Abilities, Weirdness & Mutations

Your mind is acute. (Int +2)
Your body sometimes deteriorates upon taking damage.
Your magical capacity is low. (-10% MP)


Message History

The catoblepas breathes a plume of calcifying dust at you.
The blast of calcifying dust hits you!
The freezing wraith completely misses you.
The freezing wraith hits you. The freezing wraith drains your vigour!
You feel yourself slow down.
The shadow imp hits you but does no damage.
The flayed ghost hits you but does no damage.
The shadow imp hits you but does no damage.
You have turned to stone.
You are engulfed in calcifying dust.
The catoblepas gores you!!
* * * LOW HITPOINT WARNING * * *
The freezing wraith hits you but does no damage.
The freezing wraith hits you. The freezing wraith drains your vigour!
You feel as though you will be slow longer.
The shadow imp hits you but does no damage. x2
The flayed ghost hits you but does no damage.
Your surroundings seem slightly different.
The yaktaur captain seems to regain its courage.
The yaktaur captain shoots a bolt.
The bolt hits you!!
You die...

#.####.#
#..P.P.P.P#....)....
#.#....#
#'##############'###
#.#.##.# #.(.......#
#.... #......#
#.§†5...c.# #..⌠.
###.#### #..W...%..#
#.⌠.. #.# #W5YK.....#
#.... #.# #.........+
##### #.#######
#.........#
#...)...###..@......#
####[.....#.........#
#)##.#.#.........#
#)##..<#+#########
#.####.# #......#
######## ###


You could see a catoblepas, a yaktaur captain, a flayed ghost, a freezing
wraith, a big kobold (petrified) and 2 shadow imps.

Vanquished Creatures
  2 hill giants (D:10)
  A manticore (D:10)
  2 ugly things
  2 two-headed ogres
  Grinder (D:5)
  A wyvern (D:10)
  A yak (D:9)
  Grum (D:9)
  4 hogs (D:7)
  A human (D:7)
  A hungry ghost (D:10)
  Duvessa (D:6)
  A hornet zombie (D:10)
  2 orc warriors (D:9)
  An ice beast (D:8)
  3 sky beasts
  A necrophage (D:4)
  3 phantoms
  4 ogres
  3 wolves (D:9)
  6 centaurs
  A crocodile (D:9)
  2 big kobolds
  Blork the orc (D:5)
  6 bullfrogs
  Dowan (D:6)
  3 scorpions
  A wyvern skeleton (D:9)
  6 killer bees (D:9)
  4 wights (D:9)
  A howler monkey (D:8)
  3 crimson imps
  2 quasits
  A centaur skeleton (D:7)
  2 jellies
  2 orc priests
  Crazy Yiuf (D:5)
  A bullfrog skeleton (D:4)
  2 hounds
  5 orc wizards
  4 iguanas
  Natasha (thrice) (D:2)
  6 worker ants
  A hound zombie (D:6)
  2 hound skeletons
  7 gnolls
  13 adders
  6 shadow imps
  2 oozes
  6 worms
  2 dart slugs (D:1)
  6 leopard geckos
  26 orcs
  3 ball pythons
  6 giant cockroaches
  9 hobgoblins
  9 jackals
  2 quokkas
  4 bats
  6 frilled lizards
  10 goblins
  15 kobolds
  7 rats
242 creatures vanquished.

Vanquished Creatures (others)
  5 dream sheep (D:3)
5 creatures vanquished.

Grand Total: 247 creatures vanquished

Notes
Turn   | Place    | Note
-------+----------+-------------------------------------------
     0 | D:1      | Monsterracer the Hill Orc Fighter began the quest for the Orb.
     0 | D:1      | Reached XP level 1. HP: 19/19 MP: 1/1
    45 | D:1      | Reached skill level 3 in Axes
    71 | D:1      | Reached XP level 2. HP: 24/26 MP: 2/2
   190 | D:1      | Reached skill level 4 in Axes
   270 | D:1      | Reached XP level 3. HP: 31/31 MP: 3/3
   611 | D:2      | Reached skill level 5 in Axes
   626 | D:2      | Noticed Natasha
   630 | D:2      | Killed Natasha
   630 | D:2      | Reached XP level 4. HP: 27/39 MP: 4/4
   849 | D:2      | Reached skill level 6 in Axes
   860 | D:2      | Noticed Natasha
   868 | D:2      | Killed Natasha
   907 | D:2      | Noticed Natasha
   922 | D:2      | Killed Natasha
   922 | D:2      | Reached XP level 5. HP: 18/45 MP: 5/5
  1187 | D:2      | Found a radiant altar of Vehumet.
  1234 | D:2      | Reached skill level 7 in Axes
  1404 | D:3      | Gained mutation: Your magical capacity is low. (-10% MP) [potion of mutation]
  1404 | D:3      | Gained mutation: Your mind is acute. (Int +2) [potion of mutation]
  1404 | D:3      | Gained mutation: Your body sometimes deteriorates upon taking damage. [potion of mutation]
  2288 | D:3      | Found a shimmering altar of Xom.
  2288 | D:3      | Noticed a dream sheep
  2288 | D:3      | Noticed a dream sheep
  2288 | D:3      | Noticed a dream sheep
  2288 | D:3      | Noticed a dream sheep
  2288 | D:3      | Noticed a dream sheep
  2291 | D:3      | Killed a dream sheep
  2291 | D:3      | Reached skill level 8 in Axes
  2291 | D:3      | Reached XP level 6. HP: 51/51 MP: 5/5
  2291 | D:3      | Killed a dream sheep
  2291 | D:3      | Reached skill level 9 in Axes
  2293 | D:3      | Killed a dream sheep
  2293 | D:3      | Killed a dream sheep
  2295 | D:3      | Killed a dream sheep
  2560 | D:4      | Found Lunil's General Store.
  2769 | D:4      | Noticed a necrophage
  2773 | D:4      | Killed a necrophage
  2773 | D:4      | Reached XP level 7. HP: 35/57 MP: 6/6
  2777 | D:4      | Reached skill level 10 in Axes
  2796 | D:4      | Bought a scroll of identify for 24 gold pieces
  2855 | D:4      | Found a shadowy altar of Dithmenos.
  3286 | D:5      | Entered Level 5 of the Dungeon
  3439 | D:5      | Found a runed door.
  3563 | D:5      | Noticed Crazy Yiuf
  3572 | D:5      | Killed Crazy Yiuf
  3793 | D:5      | Noticed Grinder
  3806 | D:5      | Killed Grinder
  3806 | D:5      | Reached skill level 11 in Axes
  3806 | D:5      | Reached XP level 8. HP: 58/67 MP: 7/7
  4138 | D:5      | Noticed Blork the orc
  4147 | D:5      | Reached skill level 5 in Fighting
  4148 | D:5      | Killed Blork the orc
  4389 | D:6      | Identified Sif Muna's Catalogue of Transformation and the Birds
  4454 | D:6      | Learned a level 2 spell: Repel Missiles
  4587 | D:6      | Learned a level 5 spell: Silence
  4612 | D:6      | Reached skill level 5 in Armour
  4807 | D:6      | Found a staircase to the Ecumenical Temple.
  4817 | Temple   | Entered the Ecumenical Temple
  4888 | Temple   | Became a worshipper of Uskayaw the Reveler
  5133 | D:6      | Reached * piety under Uskayaw
  5137 | D:6      | Reached ** piety under Uskayaw
  5140 | D:6      | Reached *** piety under Uskayaw
  5141 | D:6      | Reached skill level 12 in Axes
  5141 | D:6      | Reached **** piety under Uskayaw
  5225 | D:6      | Reached XP level 9. HP: 75/75 MP: 8/8
  5231 | D:6      | Noticed Duvessa
  5233 | D:6      | Noticed Dowan
  5238 | D:6      | Reached ***** piety under Uskayaw
  5244 | D:6      | Killed Duvessa
  5246 | D:6      | Killed Dowan
  5246 | D:6      | Reached ****** piety under Uskayaw
  5358 | D:6      | Learned a level 1 spell: Apportation
  5400 | D:6      | Got a fine ring mail
  5411 | D:6      | Identified the +7 ring mail of the Six Stars {Str+3 Stlth+} (You found it on level 6 of the Dungeon)
  5422 | D:6      | Got a crude ring mail
  5433 | D:6      | Identified the +1 ring mail "Roneb" {rPois rN+ Stlth-} (You found it on level 6 of the Dungeon)
  5874 | D:7      | Reached skill level 13 in Axes
  6747 | D:7      | Found a deep blue altar of Sif Muna.
  6886 | D:8      | Reached skill level 14 in Axes
  6917 | D:8      | Reached XP level 10. HP: 70/88 MP: 9/9
  7096 | D:8      | Found an iron altar of Okawaru.
  7729 | D:9      | Found Gepp's Jewellery Boutique.
  7839 | D:9      | Noticed Grum
  7855 | D:9      | Killed Grum
  7855 | D:9      | Reached skill level 15 in Axes
  8065 | D:9      | Reached skill level 1 in Invocations
  8380 | D:10     | Entered Level 10 of the Dungeon
  8414 | D:10     | Found an opulent altar of Gozag.
  8556 | D:10     | Noticed a manticore
  8569 | D:10     | Killed a manticore
  8569 | D:10     | Reached XP level 11. HP: 90/97 MP: 10/11
  8621 | D:10     | Noticed a hill giant
  8634 | D:10     | Killed a hill giant
  8900 | D:10     | Noticed a hill giant
  8916 | D:10     | Killed a hill giant
  8916 | D:10     | Reached skill level 16 in Axes
  9279 | D:10     | Noticed Sonja
  9401 | D:10     | Noticed a brown ugly thing
  9415 | D:10     | Killed a brown ugly thing
  9629 | D:9      | Noticed a purple ugly thing
  9633 | D:9      | Reached skill level 10 in Fighting
  9638 | D:9      | Killed a purple ugly thing
  9676 | D:9      | Noticed a yaktaur captain
  9676 | D:9      | Noticed a flayed ghost
  9676 | D:9      | Noticed a catoblepas
  9690 | D:9      | HP: 4/100 [catoblepas (9)]
  9691 | D:9      | Shot with a bolt by a yaktaur captain

Skill      XL: |  1  2  3  4  5  6  7  8  9 10 11 |
---------------+----------------------------------+-----
Axes           | 3 4 5 6 8 9 11 12 14 15 16 | 16.0
Fighting       | 4 6 7 9 10 | 10.2
Armour         | 4 5 7 8 |  8.9
Invocations    | 3 4 |  4.6
Shields        | |  3.2

Action                   |  1- 3 |  4- 6 |  7- 9 | 10-12 || total
-------------------------+-------+-------+-------+-------++-------
Melee: War axe           |    90 |   154 |   287 |   314 ||   845
  Use: Potion            |     3 |     4 |     6 |     1 ||    14
       Scroll            |       |       |    17 |     3 ||    20
 Stab: Paralysed         |       |       |    11 |    23 ||    34
       Sleeping          |       |       |     1 |     4 ||     5
       Distracted        |       |       |       |     2 ||     2
       Petrifying        |       |       |       |     1 ||     1
       Petrified         |       |       |       |     1 ||     1
  Eat: Chunk             |       |     6 |    13 |    11 ||    30
       Fruit             |       |       |       |     1 ||     1
Armor: Scale mail        |    41 |    46 |       |       ||    87
       Chain mail        |       |    16 |    88 |       ||   104
       Ring mail         |       |       |    53 |   146 ||   199
Dodge: Dodged            |    30 |    32 |    71 |    86 ||   219
Block: Shield            |    47 |    68 |   110 |   120 ||   345
